CAL (WIN)
SALEM RED SOX @ RANCHO CUCAMONGA QUAKES
12/01/2044
 
TOP OF THE 1ST
Salem Red Sox batting - Pitching for Rancho Cucamonga Quakes : RHP Jason Englert
Pitching: RHP Jason Englert
Batting: RHB David Norum 0-0: Called Strike
0-1: Ball
1-1: Fly out, F7 (Flyball, 78M, EV 94.4 MPH)
Batting: RHB John Chiesa 0-0: Ball
1-0: Ball
2-0: Foul Ball, location: 2F
2-1: SINGLE (Groundball, 25, EV 70.0 MPH) (infield hit)
Batting: LHB Jarrett Mordecai 0-0: SINGLE (Groundball, 3D, EV 108.1 MPH)
John Chiesa to second
Runner from 2nd tries for 3rd, SAFE, throw by RF made to third
Batting: RHB Dan Friess 0-0: Called Strike
0-1: Ball
1-1: Grounds into double play, 5-4-3 (Groundball, 56, EV 109.4 MPH)
Top of the 1st over - 0 runs, 2 hits, 0 errors, 1 left on base; Salem 0 - Rancho Cucamonga 0
BOTTOM OF THE 1ST
Rancho Cucamonga Quakes batting - Pitching for Salem Red Sox : RHP Jose Escobar
Pitching: RHP Jose Escobar
Batting: RHB Alex Mejia 0-0: Called Strike
0-1: Ball
1-1: Ball
2-1: Swinging Strike
2-2: Ball
3-2: Ground out 4-3 (Groundball, 4, EV 83.1 MPH)
Batting: LHB Alberto Chavez 0-0: Ball
1-0: Called Strike
1-1: Foul Ball, location: 2F
1-2: Foul Ball, location: 2F
1-2: Ball
2-2: Ball
3-2: Foul Ball, location: 2F
3-2: Foul Ball, location: 2F
3-2: SINGLE (Flyball, 6D, EV 87.5 MPH)
Batting: LHB Antonio Luis 0-0: SINGLE (Line Drive, 4MD, EV 101.2 MPH)
Alberto Chavez to second
Batting: LHB Chris Barrera 0-0: Ball
1-0: Called Strike
1-1: Called Strike
1-2: Strikes out looking
Batting: RHB Eddie Perry 0-0: Ball
1-0: Called Strike
1-1: Called Strike
1-2: Strikes out swinging
Bottom of the 1st over - 0 runs, 2 hits, 0 errors, 2 left on base; Salem 0 - Rancho Cucamonga 0
TOP OF THE 2ND
Salem Red Sox batting - Pitching for Rancho Cucamonga Quakes : RHP Jason Englert
Batting: RHB Tommy Boudreaux 0-0: Ball
1-0: SINGLE (Groundball, 6MD, EV 95.6 MPH)
Batting: RHB Nick Cottrell 0-0: Ball
1-0: Called Strike
1-1: Foul Ball, location: 2F
1-2: Strikes out looking
Batting: LHB Carlos Guerra 0-0: Swinging Strike
0-1: Ball
1-1: Swinging Strike
1-2: Strikes out swinging
Batting: RHB Sal Rivera 0-0: Ball
Tommy Boudreaux steals 2nd base
1-0: Called Strike
1-1: Ball
2-1: Ball
3-1: Called Strike
3-2: Ground out 1-3 (Groundball, P, EV 70.0 MPH)
Top of the 2nd over - 0 runs, 1 hit, 0 errors, 1 left on base; Salem 0 - Rancho Cucamonga 0
BOTTOM OF THE 2ND
Rancho Cucamonga Quakes batting - Pitching for Salem Red Sox : RHP Jose Escobar
Batting: RHB Jerry Sanchez 0-0: Foul Ball, location: 2F
0-1: Called Strike
0-2: Ground out 6-3 (Groundball, 6M, EV 91.2 MPH)
Batting: LHB Stephen Van Raalte 0-0: Ball
1-0: Foul Ball, location: 2F
1-1: Swinging Strike
1-2: Fly out, F6 (Popup, 4MS, EV 64.4 MPH)
Batting: LHB Bobby Gambrell 0-0: Called Strike
0-1: Ball
1-1: Called Strike
1-2: Strikes out swinging
Bottom of the 2nd over - 0 runs, 0 hits, 0 errors, 0 left on base; Salem 0 - Rancho Cucamonga 0
TOP OF THE 3RD
Salem Red Sox batting - Pitching for Rancho Cucamonga Quakes : RHP Jason Englert
Pitching: RHP Jeremy Stock
Batting: LHB Aaron Brannon 0-0: Ground out U3 (Groundball, 3, EV 97.5 MPH)
Batting: RHB David Norum 0-0: Called Strike
0-1: Swinging Strike
0-2: Strikes out swinging
Batting: RHB John Chiesa 0-0: Swinging Strike
0-1: Foul Ball, location: 2F
0-2: Ground out U3 (Groundball, 3, EV 108.1 MPH)
Top of the 3rd over - 0 runs, 0 hits, 0 errors, 0 left on base; Salem 0 - Rancho Cucamonga 0
BOTTOM OF THE 3RD
Rancho Cucamonga Quakes batting - Pitching for Salem Red Sox : RHP Jose Escobar
Batting: RHB Kevin Ezell 0-0: Fly out, F8 (Line Drive, 8LD, EV 94.4 MPH)
Batting: RHB Alex Mejia 0-0: Swinging Strike
0-1: Swinging Strike
0-2: Fly out, F7 (Line Drive, 8LS, EV 98.8 MPH)
Batting: LHB Alberto Chavez 0-0: Ball
1-0: Foul Ball, location: 2F
1-1: Foul Ball, location: 2F
1-2: Foul Ball, location: 2F
1-2: SINGLE (Groundball, 6M, EV 94.4 MPH)
Batting: LHB Antonio Luis 0-0: Ball
1-0: Called Strike
1-1: SINGLE (Line Drive, 8RM, EV 87.5 MPH)
Alberto Chavez to second
Batting: LHB Chris Barrera 0-0: Ground out 4-3 (Groundball, 4, EV 85.6 MPH)
Bottom of the 3rd over - 0 runs, 2 hits, 0 errors, 2 left on base; Salem 0 - Rancho Cucamonga 0
TOP OF THE 4TH
Salem Red Sox batting - Pitching for Rancho Cucamonga Quakes : RHP Jeremy Stock
Batting: LHB Jarrett Mordecai 0-0: Ball
1-0: Ball
2-0: Foul Ball, location: 2F
2-1: SINGLE (Groundball, 34D, EV 100.0 MPH)
Batting: RHB Dan Friess 0-0: Foul Ball, location: 2F
0-1: Foul Ball, location: 2F
0-2: SINGLE (Groundball, 6MD, EV 93.8 MPH)
Jarrett Mordecai to second
Runner from 2nd tries for 3rd, SAFE, throw by CF made to third
Batting: RHB Tommy Boudreaux 0-0: Ball
1-0: Ball
2-0: Swinging Strike
2-1: Swinging Strike
2-2: Strikes out swinging
Batting: RHB Nick Cottrell 0-0: Ball
1-0: Ball
2-0: Called Strike
2-1: Foul Ball, location: 2F
2-2: SINGLE (Flyball, 5D, EV 96.2 MPH)
Jarrett Mordecai scores
Dan Friess to second
Pitching: RHP Santiago Montero
Batting: LHB Carlos Guerra 0-0: Called Strike
0-1: Foul Ball, location: 2F
0-2: Strikes out swinging
Batting: RHB Sal Rivera 0-0: Foul Ball, location: 2F
0-1: Ball
1-1: Ball
2-1: Ball
3-1: Base on Balls
Dan Friess to third
Nick Cottrell to second
Batting: LHB Aaron Brannon 0-0: Called Strike
0-1: Ball
1-1: Ball
2-1: Ball
3-1: Called Strike
3-2: Foul Ball, location: 2F
3-2: Strikes out swinging
Top of the 4th over - 1 run, 3 hits, 0 errors, 3 left on base; Salem 1 - Rancho Cucamonga 0
BOTTOM OF THE 4TH
Rancho Cucamonga Quakes batting - Pitching for Salem Red Sox : RHP Jose Escobar
Batting: RHB Eddie Perry 0-0: Ball
1-0: Ball
2-0: Foul Ball, location: 2F
2-1: Ground out 6-3 (Groundball, 6, EV 85.0 MPH)
Batting: RHB Jerry Sanchez 0-0: Ball
1-0: SINGLE (Line Drive, 7LS, EV 89.4 MPH)
Batting: LHB Stephen Van Raalte 0-0: Grounds into double play, 4-6-3 (Groundball, 4, EV 91.9 MPH)
Bottom of the 4th over - 0 runs, 1 hit, 0 errors, 0 left on base; Salem 1 - Rancho Cucamonga 0
TOP OF THE 5TH
Salem Red Sox batting - Pitching for Rancho Cucamonga Quakes : RHP Santiago Montero
Batting: RHB David Norum 0-0: Ball
1-0: Foul Ball, location: 2F
1-1: Fly out, F8 (Flyball, 8RS, EV 90.6 MPH)
Batting: RHB John Chiesa 0-0: Ball
1-0: Ball
2-0: Ball
3-0: Called Strike
3-1: Base on Balls
Pitching: RHP Adonis Loyd
Batting: LHB Jarrett Mordecai 0-0: Ball
1-0: Called Strike
1-1: Swinging Strike
1-2: Ball
2-2: Strikes out swinging
Batting: RHB Dan Friess 0-0: Ball
1-0: Ball
2-0: Swinging Strike
2-1: SINGLE (Line Drive, 7S, EV 109.4 MPH)
John Chiesa to second
Batting: RHB Tommy Boudreaux 0-0: Called Strike
0-1: Ball
1-1: SINGLE (Line Drive, 8RS, EV 100.0 MPH)
John Chiesa to third
Dan Friess to second
Runner from 3rd tries for Home, throw by CF and OUT! 8-2
Top of the 5th over - 0 runs, 2 hits, 0 errors, 2 left on base; Salem 1 - Rancho Cucamonga 0
BOTTOM OF THE 5TH
Rancho Cucamonga Quakes batting - Pitching for Salem Red Sox : RHP Jose Escobar
Batting: LHB Bobby Gambrell 0-0: Foul Ball, location: 2F
0-1: Foul Ball, location: 2F
0-2: Strikes out looking
Batting: RHB Kevin Ezell 0-0: Foul Ball, location: 2F
0-1: Ground out 3-1 (Groundball, 34, EV 94.4 MPH)
Batting: RHB Alex Mejia 0-0: Swinging Strike
0-1: Ground out 6-3 (Groundball, 6, EV 105.6 MPH)
Bottom of the 5th over - 0 runs, 0 hits, 0 errors, 0 left on base; Salem 1 - Rancho Cucamonga 0
TOP OF THE 6TH
Salem Red Sox batting - Pitching for Rancho Cucamonga Quakes : RHP Adonis Loyd
Batting: RHB Nick Cottrell 0-0: Called Strike
0-1: Ball
1-1: Ball
2-1: Ground out 6-3 (Groundball, 6, EV 110.6 MPH)
Batting: LHB Carlos Guerra 0-0: Called Strike
0-1: Ball
1-1: Fly out, F9 (Line Drive, 9D, EV 97.5 MPH)
Pitching: LHP Gavin White
Batting: RHB Sal Rivera 0-0: Fly out, F9 (Flyball, 9LM, EV 76.2 MPH)
Top of the 6th over - 0 runs, 0 hits, 0 errors, 0 left on base; Salem 1 - Rancho Cucamonga 0
BOTTOM OF THE 6TH
Rancho Cucamonga Quakes batting - Pitching for Salem Red Sox : RHP Jose Escobar
Batting: LHB Alberto Chavez 0-0: Ball
1-0: Ball
2-0: Fly out, F6 (Flyball, 56D, EV 88.8 MPH)
Batting: LHB Antonio Luis 0-0: SINGLE (Line Drive, 78S, EV 102.5 MPH)
Batting: LHB Chris Barrera 0-0: Foul Ball, location: 2F
0-1: Called Strike
0-2: Ball
1-2: Ball
2-2: Strikes out swinging
Pitching: LHP Nick Barnes
Batting: RHB Eddie Perry Pickoff Throw to First - Out! 1-3
Bottom of the 6th over - 0 runs, 1 hit, 0 errors, 0 left on base; Salem 1 - Rancho Cucamonga 0
TOP OF THE 7TH
Salem Red Sox batting - Pitching for Rancho Cucamonga Quakes : LHP Gavin White
Batting: RHB Bobby Schimke 0-0: Called Strike
0-1: Ball
1-1: Ball
2-1: Swinging Strike
2-2: Strikes out looking
Batting: RHB David Norum 0-0: Called Strike
0-1: Ball
1-1: Ball
2-1: Swinging Strike
2-2: Ground out 6-3 (Groundball, 6M, EV 110.0 MPH)
Batting: RHB John Chiesa 0-0: Fly out, F6 (Flyball, 5D, EV 91.9 MPH)
Top of the 7th over - 0 runs, 0 hits, 0 errors, 0 left on base; Salem 1 - Rancho Cucamonga 0
BOTTOM OF THE 7TH
Rancho Cucamonga Quakes batting - Pitching for Salem Red Sox : LHP Nick Barnes
Batting: RHB Eddie Perry 0-0: Ball
1-0: Called Strike
1-1: Ball
2-1: Called Strike
2-2: Strikes out swinging
Batting: RHB Jerry Sanchez 0-0: Ball
1-0: SINGLE (Groundball, 6S, EV 65.6 MPH) (infield hit)
Batting: LHB Stephen Van Raalte 0-0: Called Strike
0-1: Foul Ball, location: 2F
0-2: Ball
1-2: Foul Ball, location: 2F
1-2: Strikes out swinging
Pinch Hitting: RHB Gary Ming 0-0: Called Strike
0-1: Fielders Choice at 2nd, 6-4 (Groundball, 6, EV 80.6 MPH)
Bottom of the 7th over - 0 runs, 1 hit, 0 errors, 1 left on base; Salem 1 - Rancho Cucamonga 0
TOP OF THE 8TH
Salem Red Sox batting - Pitching for Rancho Cucamonga Quakes : LHP Gavin White
Pitching: LHP J.P. Blair
Now at 2B: Gary Ming
Batting: LHB Jarrett Mordecai 0-0: Ball
1-0: Called Strike
1-1: Foul Ball, location: 2F
1-2: Strikes out swinging
Batting: RHB Dan Friess 0-0: Ball
1-0: Called Strike
1-1: Ball
2-1: Foul Ball, location: 2F
2-2: Foul Ball, location: 2F
2-2: Ball
3-2: Strikes out swinging
Batting: RHB Tommy Boudreaux 0-0: Called Strike
0-1: Ball
1-1: Foul Ball, location: 2F
1-2: Strikes out swinging
Top of the 8th over - 0 runs, 0 hits, 0 errors, 0 left on base; Salem 1 - Rancho Cucamonga 0
BOTTOM OF THE 8TH
Rancho Cucamonga Quakes batting - Pitching for Salem Red Sox : LHP Nick Barnes
Pitching: RHP Roberto Morales
Batting: RHB Kevin Ezell 0-0: Ball
1-0: Ground out 4-3 (Groundball, P, EV 77.5 MPH)
Batting: RHB Alex Mejia 0-0: Ground out 4-3 (Groundball, 4S, EV 77.5 MPH)
Batting: LHB Alberto Chavez 0-0: Foul Ball, location: 2F
0-1: Ball
1-1: Ball
2-1: Called Strike
2-2: Fly out, F8 (Flyball, 78S, EV 90.0 MPH)
Bottom of the 8th over - 0 runs, 0 hits, 0 errors, 0 left on base; Salem 1 - Rancho Cucamonga 0
TOP OF THE 9TH
Salem Red Sox batting - Pitching for Rancho Cucamonga Quakes : LHP J.P. Blair
Pitching: RHP Craig Fallon
Batting: RHB Nick Cottrell 0-0: Fly out, F8 (Flyball, 8LXD, EV 96.2 MPH)
Batting: LHB Carlos Guerra 0-0: DOUBLE (Flyball, 89D, EV 110.0 MPH)
Batting: RHB Sal Rivera 0-0: Ball
1-0: Fly out, F7 (Flyball, 78M, EV 88.1 MPH)
Batting: LHB John Buff 0-0: Called Strike
0-1: Foul Ball, location: 2F
0-2: Ball
1-2: Ball
2-2: Strikes out swinging
Top of the 9th over - 0 runs, 1 hit, 0 errors, 1 left on base; Salem 1 - Rancho Cucamonga 0
BOTTOM OF THE 9TH
Rancho Cucamonga Quakes batting - Pitching for Salem Red Sox : RHP Roberto Morales
Pitching: RHP Jim Whiteman
Batting: LHB Antonio Luis 0-0: SOLO HOME RUN (Flyball, 89XD, EV 98.8 MPH), Distance : 413 ft
Batting: LHB Chris Barrera 0-0: Ball
1-0: Foul Ball, location: 2F
1-1: Ball
2-1: Ball
3-1: Called Strike
3-2: Foul Ball, location: 2F
3-2: Base on Balls
Batting: LHB Mitchell Casey 0-0: Called Strike
0-1: Called Strike
0-2: Foul Ball, location: 2F
0-2: Ball
1-2: DOUBLE (Line Drive, 89M, EV 95.0 MPH)
Chris Barrera to third
Batting: RHB Jerry Sanchez 0-0: Ball
1-0: Called Strike
1-1: Foul Ball, location: 2F
1-2: Strikes out swinging
Batting: LHB Stephen Van Raalte 0-0: Ball
1-0: Ball
2-0: Called Strike
2-1: Foul Ball, location: 2F
2-2: Strikes out looking
Batting: RHB Gary Ming 0-0: SINGLE (Groundball, 34D, EV 95.6 MPH)
Chris Barrera scores
Bottom of the 9th over - 2 runs, 3 hits, 0 errors, 0 left on base; Salem 1 - Rancho Cucamonga 2
Game Over ... Rancho Cucamonga defeats Salem, 2 to 1
Thursday, March 31st , 2022 - OOTP Baseball 22.12 Build 89